AoeStats
← 1847373944

Arena

508643372Analyzed
4v4 RM · 10d ago on Sep 23, 2026· 43m 30s· 8 players
Game mode
Random Map
Map size
Large (8 player)
Population
200
Speed
Normal
Resources
Standard
Victory
Conquest
Starting age
Dark Age
Ending age
Imperial Age
RankedLock teamsTeams togetherTeam positionsShared explorationLock speedFull tech treeHidden civsTurbo modeCheats
Victory
Defeat
🇨🇳 Malians · China
1058
+16
🇧🇩 Portuguese · Bangladesh
1032
+17
🇦🇷 Spanish · Argentina
988
+19
🇨🇳 Bohemians · China
948
+21
🇹🇼 Japanese · Taiwan
1065
-19
🇷🇺 Byzantines · Russia
1060
-18
🇷🇺 Armenians · Russia
1058
-18
🇷🇺 Varangians · Russia
1048
-18
zeos0708
5:19 Loom
11:13 Feudal Age
11:41 Town Watch
11:41 Double-Bit Axe
18:40 Castle Age
17:43 Gold Mining
17:35 Horse Collar
18:33 Stone Mining
19:35 Bow Saw
29:58 Imperial Age
28:29 Padded Archer Armor
28:19 Fletching
31:47 Chemistry
30:52 Heavy Plow
31:34 Wheelbarrow
32:32 Conscription
32:11 Bodkin Arrow
33:05 Leather Archer Armor
38:54 Supremacy
38:26 Elite Conquistador
43:36 Bloodlines
43:27 Husbandry
2579439892
11:33 Feudal Age
12:37 Double-Bit Axe
20:23 Castle Age
27:51 Imperial Age
25:22 Horse Collar
28:06 Chemistry
27:03 Pikeman
27:44 Squires
27:49 Scale Mail Armor
28:09 Heavy Plow
28:37 Forging
31:23 Iron Casting
32:38 Chain Mail Armor
33:25 Halberdier
36:02 Ballistics
37:12 Blast Furnace
36:43 Plate Mail Armor
39:34 Man-at-Arms
40:26 Scale Barding Armor
40:59 Wheelbarrow
41:26 Long Swordsman
42:26 Bow Saw
42:46 Hand Cart
44:49 Two-Man Saw
ImranAOE
11:46 Feudal Age
12:53 Horse Collar
15:18 Castle Age
14:01 Double-Bit Axe
16:09 Bow Saw
16:02 Heavy Plow
21:11 Loom
38:12 Imperial Age
40:38 Elite Organ Gun
41:58 Ballistics
42:34 Wheelbarrow
43:10 Chemistry
43:30 Conscription
43:28 Siege Engineers
1847373944
10:47 Feudal Age
12:13 Loom
15:00 Castle Age
16:21 Double-Bit Axe
20:49 Wheelbarrow
20:46 Gold Mining
24:18 Stone Mining
26:00 Hand Cart
31:11 Imperial Age
28:59 Forging
28:54 Scale Barding Armor
28:34 Horse Collar
29:07 Bow Saw
29:51 Gold Shaft Mining
30:27 Iron Casting
30:02 Husbandry
30:13 Bloodlines
30:21 Heavy Plow
31:01 Chain Barding Armor
32:12 Conscription
32:05 Farimba
31:47 Cavalier
34:29 Plate Barding Armor
35:42 Crop Rotation
Michael嘉
12:10 Feudal Age
13:16 Horse Collar
13:28 Double-Bit Axe
16:31 Castle Age
18:12 Bow Saw
24:52 Heavy Plow
28:13 Imperial Age
26:19 Gold Mining
26:23 Elite Skirmisher
27:14 Fletching
27:25 Padded Archer Armor
27:44 Loom
28:36 Wheelbarrow
28:29 Ballistics
28:31 Fortified Wall
28:19 Murder Holes
28:20 Arson
28:38 Squires
28:25 Gambesons
29:31 Conscription
30:07 Hand Cart
31:31 Chemistry
30:15 Treadmill Crane
30:53 Leather Archer Armor
30:40 Bodkin Arrow
32:16 Hoardings
32:29 Bracer
33:00 Ring Archer Armor
33:35 Elite Varangian Guard
34:41 Pikeman
35:25 Scale Mail Armor
35:36 Forging
35:15 Halberdier
37:25 Chain Mail Armor
37:46 Iron Casting
39:36 Crop Rotation
42:52 Plate Mail Armor
aa621514
11:05 Feudal Age
16:14 Castle Age
15:09 Double-Bit Axe
15:20 Loom
22:13 Forging
25:02 Wheelbarrow
26:24 Bow Saw
28:04 Iron Casting
27:44 Scale Mail Armor
30:36 Chain Mail Armor
31:15 Hand Cart
36:29 Imperial Age
35:17 Gold Mining
35:23 Fletching
35:20 Horse Collar
41:43 Plate Mail Armor
41:10 Bodkin Arrow
42:12 Kataparuto
42:13 Conscription
41:22 Pikeman
42:03 Squires
42:34 Halberdier
43:02 Capped Ram
joe19940606
11:39 Feudal Age
13:32 Horse Collar
16:29 Castle Age
14:18 Double-Bit Axe
19:11 Bow Saw
24:30 Wheelbarrow
27:16 Heavy Plow
27:09 Gold Mining
27:46 Loom
28:43 Hand Cart
33:06 Imperial Age
32:46 Bloodlines
32:55 Husbandry
34:06 Scale Barding Armor
34:11 Forging
33:47 Cavalier
35:37 Pikeman
36:18 Squires
37:55 Halberdier
38:58 Scale Mail Armor
39:34 Iron Casting
39:19 Chain Barding Armor
41:51 Chain Mail Armor
43:28 Blast Furnace
43:05 Plate Barding Armor
XIU
11:39 Feudal Age
13:07 Loom
15:48 Castle Age
14:18 Double-Bit Axe
14:17 Horse Collar
17:23 Bow Saw
19:14 Gold Mining
37:59 Imperial Age
37:07 Forging
36:57 Scale Mail Armor
37:55 Squires
37:42 Gambesons
39:49 Man-at-Arms
41:40 Iron Casting
41:20 Chain Mail Armor
41:31 Long Swordsman
42:15 Two-Handed Swordsman
42:41 Arson
Connection lost

Rejoining the realm…

Still unreachable

The connection could not be restored.

Session expired

The server has moved on; the page needs a fresh start.